 Dungeon Crawl Stone Soup version 0.22.1-2-g9c5b331 (webtiles) character file.

77 myga the Gusty (level 4, 0/33 HPs)
             Began as a Hill Orc Air Elementalist on Dec 7, 2018.
             Slain by Jessica
             ... wielding a +0 dagger
              (3 damage)
             ... on level 2 of the Dungeon.
             The game lasted 00:13:13 (2235 turns).

myga the Gusty (Hill Orc Air Elementalist)          Turns: 2235, Time: 00:13:13

Health: 0/33       AC:  6    Str:  8    XL:     4   Next: 34%
Magic:  0/7        EV: 11    Int: 15    God:
Gold:   33         SH:  0    Dex: 12    Spells: 4/7 levels left

rFire    . . .     SeeInvis .   b - -1 dagger (curse)
rCold    + . .     Gourm    .   (no shield)
rNeg     . . .     Faith    .   m - +0 acid dragon scales (curse)
rPois    .         Spirit   +   (no helmet)
rElec    .         Reflect  .   (no cloak)
rCorr    +         Harm     .   (no gloves)
MR       .....     Clarity  +   (no boots)
Stlth    ++........             p - amulet of guardian spirit
HPRegen  0.11/turn              (no ring)
MPRegen  0.10/turn              (no ring)

@: no status effects
A: camouflage 1, clarity, cold resistance 1, weak 1
a: no special abilities


You were on level 2 of the Dungeon.
You were not hungry.

You visited 1 branch of the dungeon, and saw 2 of its levels.

You collected 33 gold pieces.

Inventory:

Hand Weapons
 b - a cursed -1 dagger (weapon)
 d - a +0 club
 f - a +0 dagger
 h - a +0 hand axe
 j - a +0 spear
 l - a +0 dagger
 o - a +0 club
Missiles
 e - 11 stones (quivered)
Armour
 a - a +0 robe
 i - a +0 robe
 k - a +0 robe
 m - cursed +0 acid dragon scales (worn)
 n - a +0 shield
Jewellery
 p - an amulet of guardian spirit (around neck)
Comestibles
 c - 2 rations


   Skills:
 + Level 0.1 Throwing
 + Level 1.2 Armour
 + Level 2.1 Dodging
 + Level 1.8 Stealth
 + Level 2.0 Spellcasting
 + Level 1.5 Conjurations
 + Level 3.0 Air Magic


You had 4 spell levels left.
You knew the following spells:

 Your Spells              Type           Power        Failure   Level  Hunger
a - Shock                 Conj/Air       #...         16%         1    #......
b - Swiftness             Chrm/Air       #.......     30%         2    ###....

Your spell library contained the following spells:

 Spells                   Type           Power        Failure   Level  Hunger
 Static Discharge         Conj/Air       #.......     41%         3    ###....
 Airstrike                Air            ##........   73%         4    #####..
 Lightning Bolt           Conj/Air       #.........   99%         5    ######.


Dungeon Overview and Level Annotations

Branches:
Dungeon (2/15)

Altars:
Ru

Annotations:
D:2 Jessica


Innate Abilities, Weirdness & Mutations

Your skin changes colour to match your surroundings (Stealth+).
You possess an exceptional clarity of mind.
Your flesh is cold resistant. (rC+)
You are weak. (Str -2)


Message History

Jessica seems to speed up.
You see here a stone.
Casting: Shock (safe; 16% risk of failure)
Confirm with . or Enter, or press ? or * to list all spells.
Aiming: Shock (safe; 16% risk of failure)
Press: ? - help, Shift-Dir - straight line, f/p - Jessica
Aim: Jessica, wielding a dagger and wearing a runed robe (heavily wounded, The zap misses Jessica.
You barely miss Jessica.
Jessica is heavily wounded.
Jessica hits you with a dagger.
* * * LOW HITPOINT WARNING * * *
Jessica hits you but does no damage.
You barely miss Jessica.
Jessica is heavily wounded.
Jessica hits you but does no damage.
You hit Jessica.
Jessica is severely wounded.
Jessica hits you with a dagger.
You die...

#.## #..# # #..# #.## # #.
#.######.####### # ##.######
#...........(..### ........#
#######.#####S...w ........#
#.......#### .[......#
#######...##
........#############.........
...........(K@@†(.(...........
....?...#########.............
........#####.....####........
........#.....##### #........
..........##### #.....<..
#####.>#### #........ .....
##....... ...... ##.....#
#...... #######


You could see Jessica and a kobold.

Vanquished Creatures
  4 adders (D:2)
  A leopard gecko (D:2)
  3 bats
  A giant cockroach (D:2)
  3 goblins
  6 hobgoblins
  7 jackals (D:2)
  5 kobolds
  A frilled lizard (D:2)
  9 rats (D:1)
40 creatures vanquished.

Notes
Turn   | Place    | Note
-------+----------+-------------------------------------------
     0 | D:1      | myga the Hill Orc Air Elementalist began the quest for the
                  | Orb.
     0 | D:1      | Reached XP level 1. HP: 14/14 MP: 3/3
   363 | D:1      | Reached XP level 2. HP: 20/20 MP: 1/4
   784 | D:1      | Learned a level 2 spell: Swiftness
  1109 | D:1      | Gained mutation: You possess an exceptional clarity of
                  | mind. [potion of mutation]
  1109 | D:1      | Gained mutation: You are weak. (Str -2) [potion of
                  | mutation]
  1109 | D:1      | Gained mutation: Your flesh is cold resistant. (rC+)
                  | [potion of mutation]
  1109 | D:1      | Gained mutation: Your skin changes colour to match your
                  | surroundings (Stealth+). [potion of mutation]
  1150 | D:2      | Reached XP level 3. HP: 25/26 MP: 0/5
  1675 | D:2      | Found a sacrificial altar of Ru.
  1733 | D:2      | Reached skill level 1 in Armour
  1749 | D:2      | HP: 1/26 [poisoned by an adder]
  2131 | D:2      | Noticed Jessica
  2154 | D:2      | Reached XP level 4. HP: 23/33 MP: 0/7
  2178 | D:2      | Reached skill level 3 in Air Magic
  2235 | D:2      | Slain by Jessica

Skill      XL: |  1  2  3  4 |
---------------+-------------+-----
Dodging        | 2 |  2.1
Armour         | 1 |  1.2
Spellcasting   | 2 |  2.0
Air Magic      | 3 |  3.0
Throwing       | |  0.1
Stealth        | |  1.8
Conjurations   | |  1.5

Action                   |  1- 3 |  4- 6 || total
-------------------------+-------+-------++-------
Melee: Dagger            |   119 |    35 ||   154
Throw: Stone             |    16 |     5 ||    21
 Cast: Shock             |    73 |     7 ||    80
  Use: Scroll            |     2 |     1 ||     3
       Potion            |     5 |       ||     5
 Stab: Invisible         |     1 |       ||     1
  Eat: Chunk             |     4 |     1 ||     5
       Ration            |       |     1 ||     1
Armor: Acid dragon scale |    56 |    13 ||    69
       Robe              |     1 |       ||     1
       Skin              |     4 |       ||     4
Dodge: Dodged            |   100 |    17 ||   117
